AoeStats
← TheQuietRiot

Arena

506811226Analyzed
1v1 RM · 17d ago on Sep 15, 2026· 45m 46s· 2 players
Game mode
Random Map
Map size
Tiny (2 player)
Population
200
Speed
Normal
Resources
Standard
Victory
Conquest
Starting age
Dark Age
Ending age
Imperial Age
RankedLock teamsTeams togetherTeam positionsShared explorationLock speedFull tech treeHidden civsTurbo modeCheats
Victory
Defeat
🇬🇧 Teutons · United Kingdom
952
+13
🇫🇷 Burgundians · France
888
-13
Louisbourn
6:53 Double-Bit Axe
7:54 Loom
8:12 Horse Collar
12:20 Feudal Age
13:41 Heavy Plow
18:24 Castle Age
16:48 Stone Mining
18:12 Forging
23:23 Gold Mining
24:38 Crop Rotation
24:53 Wheelbarrow
29:01 Imperial Age
27:13 Town Watch
26:55 Cavalier
28:29 Bow Saw
30:13 Iron Casting
31:21 Hand Cart
31:07 Town Patrol
31:02 Paladin
33:20 Scale Barding Armor
36:11 Chain Barding Armor
36:52 Blast Furnace
36:24 Block Printing
36:29 Redemption
38:07 Two-Man Saw
37:26 Burgundian Vineyards
38:28 Gold Shaft Mining
39:27 Plate Barding Armor
39:29 Ballistics
38:57 Arrowslits
39:58 Elite Coustillier
TheQuietRiot
10:20 Feudal Age
9:21 Loom
10:49 Double-Bit Axe
16:16 Castle Age
14:13 Horse Collar
14:36 Stone Mining
18:56 Fletching
20:56 Heavy Plow
21:28 Gold Mining
22:04 Bow Saw
23:07 Wheelbarrow
25:25 Town Watch
26:53 Stone Shaft Mining
27:50 Hand Cart
32:15 Imperial Age
29:28 Pikeman
30:08 Squires
30:44 Forging
30:35 Scale Mail Armor
30:50 Bloodlines
31:09 Gambesons
32:04 Iron Casting
31:46 Chain Mail Armor
31:55 Ballistics
32:12 Town Patrol
34:31 Chemistry
33:57 Elite Skirmisher
35:52 Blast Furnace
36:50 Two-Man Saw
36:32 Arson
37:18 Siege Engineers
37:37 Fortified Wall
39:06 Crop Rotation
39:14 Plate Mail Armor
38:40 Bodkin Arrow
40:03 Masonry
40:49 Halberdier
Connection lost

Rejoining the realm…

Still unreachable

The connection could not be restored.

Session expired

The server has moved on; the page needs a fresh start.